MLB
BOSTON RED SOX @ SEATTLE MARINERS
04/09/2042
 
TOP OF THE 1ST
Boston Red Sox batting - Pitching for Seattle Mariners : RHP Luis Román
Pitching: RHP Luis Román
Batting: SHB Danny Walker 0-0: Fly out, F8 (Flyball, 8RS, EV 86.9 MPH)
Batting: RHB José Morales 0-0: Ball
1-0: Called Strike
1-1: Ground out 6-3 (Groundball, 56, EV 99.4 MPH)
Batting: LHB Abel Scott 0-0: Ball
1-0: DOUBLE (Line Drive, 78D, EV 110.6 MPH)
Batting: RHB António Negrón 0-0: Called Strike
0-1: Fly out, F8 (Flyball, 8LD, EV 96.9 MPH)
Top of the 1st over - 0 runs, 1 hit, 0 errors, 1 left on base; Boston 0 - Seattle 0
BOTTOM OF THE 1ST
Seattle Mariners batting - Pitching for Boston Red Sox : RHP Jimmy Sharp
Pitching: RHP Jimmy Sharp
Batting: RHB Ron Rowland 0-0: Called Strike
0-1: Ground out 6-3 (Groundball, 6, EV 88.8 MPH)
Batting: RHB José Castillo 0-0: Called Strike
0-1: Called Strike
0-2: Ball
1-2: Foul Ball, location: 2F
1-2: Ground out 4-3 (Groundball, 4, EV 90.6 MPH)
Batting: RHB Ethan Montoya 0-0: Called Strike
0-1: Ball
1-1: Foul Ball, location: 25F
1-2: Foul Ball, location: 2F
1-2: Foul Ball, location: 9LDF
1-2: Foul Ball, location: 2F
1-2: Foul Ball, location: 9LMF
1-2: Ball
2-2: Foul Ball, location: 23FF
2-2: Ball
3-2: Foul Ball, location: 5SF
3-2: Foul Ball, location: 3SF
3-2: Foul Ball, location: 7LSF
3-2: Foul Ball, location: 5SF
3-2: Foul Ball, location: 2F
3-2: Ground out 6-3 (Groundball, 6, EV 87.5 MPH)
Bottom of the 1st over - 0 runs, 0 hits, 0 errors, 0 left on base; Boston 0 - Seattle 0
TOP OF THE 2ND
Boston Red Sox batting - Pitching for Seattle Mariners : RHP Luis Román
Batting: LHB Derek Orby 0-0: Ball
1-0: Foul Ball, location: 2F
1-1: Ball
2-1: Ball
3-1: Foul Ball, location: 25F
3-2: Fly out, F8 (Flyball, 8LM, EV 90.0 MPH)
Batting: RHB Juan Ávila 0-0: Ball
1-0: SINGLE (Line Drive, 6D, EV 96.3 MPH)
Batting: LHB Erwin Broomhead 0-0: Fly out, F8 (Flyball, 8RD, EV 105.0 MPH)
Batting: RHB Juan Serrato 0-0: Called Strike
0-1: Ball
1-1: Called Strike
1-2: Foul Ball, location: 2LF
1-2: Ball
2-2: Ground out 1-3 (Groundball, 13S, EV 73.1 MPH)
Top of the 2nd over - 0 runs, 1 hit, 0 errors, 1 left on base; Boston 0 - Seattle 0
BOTTOM OF THE 2ND
Seattle Mariners batting - Pitching for Boston Red Sox : RHP Jimmy Sharp
Batting: SHB Jesús Cortéz 0-0: Called Strike
0-1: SINGLE (Flyball, 3D, EV 90.0 MPH)
Batting: RHB Whit Parkinson 0-0: Ball
1-0: Called Strike
1-1: Swinging Strike
1-2: Strikes out swinging
Batting: RHB Jesús Garido 0-0: Grounds into double play, 6-4-3 (Groundball, 6, EV 88.8 MPH)
Bottom of the 2nd over - 0 runs, 1 hit, 0 errors, 0 left on base; Boston 0 - Seattle 0
TOP OF THE 3RD
Boston Red Sox batting - Pitching for Seattle Mariners : RHP Luis Román
Batting: RHB Eric Taylor 0-0: Ball
1-0: Ball
2-0: Called Strike
2-1: Ball
3-1: SINGLE (Groundball, 6D, EV 98.1 MPH)
Batting: SHB Danny Walker 0-0: Ball
1-0: Ball
2-0: Ball
3-0: Called Strike
3-1: Bunt missed!
3-2: Hit by Pitch
Eric Taylor to second
Batting: RHB José Morales 0-0: Foul Ball, location: 2F
0-1: Grounds into double play, 4-6-3 (Groundball, 4, EV 93.8 MPH)
Eric Taylor to third
Batting: LHB Abel Scott 0-0: Swinging Strike
0-1: Ball
1-1: Foul Ball, location: 23F
1-2: Strikes out looking
Top of the 3rd over - 0 runs, 1 hit, 0 errors, 1 left on base; Boston 0 - Seattle 0
BOTTOM OF THE 3RD
Seattle Mariners batting - Pitching for Boston Red Sox : RHP Jimmy Sharp
Batting: LHB José Ortíz 0-0: Called Strike
0-1: Ball
1-1: Ball
2-1: Called Strike
2-2: Fly out, F7 (Flyball, 78S, EV 78.1 MPH)
Batting: RHB José Díaz 0-0: SINGLE (Groundball, 4MD, EV 106.3 MPH)
Batting: RHB Bob Nelson 0-0: SINGLE (Groundball, 5D, EV 100.6 MPH)
José Díaz to second
Batting: RHB Ron Rowland 0-0: Grounds into double play, 4-6-3 (Groundball, 34, EV 98.8 MPH)
Bottom of the 3rd over - 0 runs, 2 hits, 0 errors, 1 left on base; Boston 0 - Seattle 0
TOP OF THE 4TH
Boston Red Sox batting - Pitching for Seattle Mariners : RHP Luis Román
Batting: RHB António Negrón 0-0: Foul Ball, location: 25FF
0-1: Fly out, F4 (Line Drive, 4M, EV 63.1 MPH)
Batting: LHB Derek Orby 0-0: Ball
1-0: Ball
2-0: Foul Ball, location: 2F
2-1: Swinging Strike
2-2: Ball
3-2: Foul Ball, location: 2F
3-2: Base on Balls
Batting: RHB Juan Ávila 0-0: Ball
1-0: Fly out, F3 (Popup, 3SF, EV 84.4 MPH)
Batting: LHB Erwin Broomhead 0-0: Fly out, F4 (Line Drive, 4, EV 71.9 MPH)
Top of the 4th over - 0 runs, 0 hits, 0 errors, 1 left on base; Boston 0 - Seattle 0
BOTTOM OF THE 4TH
Seattle Mariners batting - Pitching for Boston Red Sox : RHP Jimmy Sharp
Batting: RHB José Castillo 0-0: Ground out 5-3 (Groundball, 56S, EV 68.8 MPH)
Batting: RHB Ethan Montoya 0-0: Ground out 6-3 (Groundball, 6S, EV 89.4 MPH)
Batting: SHB Jesús Cortéz 0-0: Ball
1-0: Ball
2-0: Foul Ball, location: 9LSFF
2-1: Foul Ball, location: 25F
2-2: Ball
3-2: Base on Balls
Batting: RHB Whit Parkinson 0-0: Called Strike
0-1: Fielders Choice at 2nd, 6-4 (Groundball, 6, EV 86.9 MPH)
Bottom of the 4th over - 0 runs, 0 hits, 0 errors, 1 left on base; Boston 0 - Seattle 0
TOP OF THE 5TH
Boston Red Sox batting - Pitching for Seattle Mariners : RHP Luis Román
Batting: RHB Juan Serrato 0-0: Ball
1-0: Ball
2-0: Swinging Strike
2-1: Foul Ball, location: 2F
2-2: Foul Ball, location: 9LMF
2-2: Foul Ball, location: 25F
2-2: Ground out 6-3 (Groundball, 6, EV 87.5 MPH)
Batting: RHB Eric Taylor 0-0: Ball
1-0: Foul Ball, location: 9LMF
1-1: Foul Ball, location: 9LMF
1-2: Ball
2-2: Fly out, F8 (Flyball, 8LM, EV 92.5 MPH)
Batting: SHB Danny Walker 0-0: Ball
1-0: Called Strike
1-1: Swinging Strike
1-2: Ball
2-2: Foul Ball, location: 25F
2-2: Ball
3-2: Foul Ball, location: 2F
3-2: Foul Ball, location: 9LSFF
3-2: Fly out, F2 (Popup, 25F, EV 73.8 MPH)
Top of the 5th over - 0 runs, 0 hits, 0 errors, 0 left on base; Boston 0 - Seattle 0
BOTTOM OF THE 5TH
Seattle Mariners batting - Pitching for Boston Red Sox : RHP Jimmy Sharp
Batting: RHB Jesús Garido 0-0: Fly out, F8 (Flyball, 89M, EV 89.4 MPH)
Batting: LHB José Ortíz 0-0: Ball
1-0: Foul Ball, location: 3F
1-1: Foul Ball, location: 2F
1-2: Foul Ball, location: 2F
1-2: Ball
2-2: Ground out 4-3 (Groundball, 4, EV 83.1 MPH)
Batting: RHB José Díaz 0-0: Called Strike
0-1: Ball
1-1: SOLO HOME RUN (Flyball, 78XD, EV 102.5 MPH), Distance : 384 ft
Batting: RHB Bob Nelson 0-0: Called Strike
0-1: Ball
1-1: Ball
2-1: Ball
3-1: Foul Ball, location: 3F
3-2: Ground out 4-3 (Groundball, 4, EV 81.3 MPH)
Bottom of the 5th over - 1 run, 1 hit, 0 errors, 0 left on base; Boston 0 - Seattle 1
TOP OF THE 6TH
Boston Red Sox batting - Pitching for Seattle Mariners : RHP Luis Román
Batting: RHB José Morales 0-0: Swinging Strike
0-1: Reached on error, E4 (Groundball, 13, EV 86.3 MPH)
Batting: LHB Abel Scott 0-0: Called Strike
0-1: Ball
1-1: Ball
2-1: Foul Ball, location: 9LMF
2-2: Foul Ball, location: 23FF
2-2: Ball
3-2: Foul Ball, location: 7LMF
3-2: Base on Balls
José Morales to second
Batting: RHB António Negrón 0-0: Ball
1-0: Ball
2-0: Fly out, F8 (Flyball, 78M, EV 88.1 MPH)
Batting: LHB Derek Orby 0-0: Ball
1-0: Swinging Strike
1-1: Hit by Pitch
José Morales to third
Abel Scott to second
Batting: RHB Juan Ávila 0-0: Called Strike
0-1: Foul Ball, location: 25FF
0-2: Ball
1-2: Foul Ball, location: 2F
1-2: Ball
2-2: Ball
3-2: Grounds into fielders choice 4-2 (Groundball, 34, EV 88.1 MPH)
Abel Scott to third
Derek Orby to second
Batting: LHB Erwin Broomhead 0-0: Ball
1-0: Called Strike
1-1: Foul Ball, location: 3SF
1-2: Ball
2-2: Foul Ball, location: 5F
2-2: Fly out, F4 (Line Drive, 4, EV 70.0 MPH)
Top of the 6th over - 0 runs, 0 hits, 1 error, 3 left on base; Boston 0 - Seattle 1
BOTTOM OF THE 6TH
Seattle Mariners batting - Pitching for Boston Red Sox : RHP Jimmy Sharp
Batting: RHB Ron Rowland 0-0: Foul Ball, location: 3SF
0-1: Ball
1-1: Ball
2-1: TRIPLE (Line Drive, 8RXD, EV 110.0 MPH)
Batting: RHB José Castillo 0-0: Ball
1-0: Ball
2-0: Called Strike
2-1: Called Strike
2-2: SINGLE (Groundball, 6MD, EV 94.4 MPH)
Ron Rowland scores
Batting: RHB Ethan Montoya 0-0: Called Strike
0-1: Foul Ball, location: 9LDF
0-2: Fly out, F7 (Line Drive, 7, EV 86.9 MPH)
Batting: SHB Jesús Cortéz 0-0: SINGLE (Line Drive, 34D, EV 101.9 MPH)
José Castillo to second
Batting: RHB Whit Parkinson 0-0: Swinging Strike
0-1: SINGLE (Line Drive, 3D, EV 95.0 MPH)
José Castillo to third
Jesús Cortéz to second
Runner from 3rd tries for Home, SAFE, throw by RF to home
Batting: RHB Jesús Garido 0-0: Ball
1-0: Ball
2-0: Called Strike
2-1: Called Strike
2-2: Fly out, F8 (Flyball, 8RM, EV 90.0 MPH)
Batting: LHB José Ortíz 0-0: Ball
1-0: Called Strike
1-1: Ball
2-1: Swinging Strike
2-2: Strikes out looking
Bottom of the 6th over - 2 runs, 4 hits, 0 errors, 2 left on base; Boston 0 - Seattle 3
TOP OF THE 7TH
Boston Red Sox batting - Pitching for Seattle Mariners : RHP Luis Román
Now at 1B: Kevin Cooper
Now in LF: Ethan Montoya
Now in CF: Joe Crum
Batting: RHB Juan Serrato 0-0: Called Strike
0-1: Ball
1-1: Foul Ball, location: 2F
1-2: Ball
2-2: Strikes out looking
Batting: RHB Eric Taylor 0-0: Ball
1-0: Ground out 6-3 (Groundball, 6MD, EV 97.5 MPH)
Batting: SHB Danny Walker 0-0: Called Strike
0-1: Ball
1-1: Ball
2-1: Called Strike
2-2: Foul Ball, location: 5DF
2-2: Foul Ball, location: 2F
2-2: TRIPLE (Line Drive, 89XD, EV 98.8 MPH)
Batting: RHB José Morales 0-0: Called Strike
0-1: Called Strike
0-2: Ball
Wild Pitch!
Danny Walker scores
1-2: Foul Ball, location: 3FF
1-2: Fly out, F8 (Line Drive, 8RM, EV 95.0 MPH)
Top of the 7th over - 1 run, 1 hit, 0 errors, 0 left on base; Boston 1 - Seattle 3
BOTTOM OF THE 7TH
Seattle Mariners batting - Pitching for Boston Red Sox : RHP Jimmy Sharp
Batting: RHB José Díaz 0-0: Ball
1-0: Ground out 6-3 (Groundball, 56, EV 101.3 MPH)
Batting: RHB Bob Nelson 0-0: Called Strike
0-1: Ball
1-1: Foul Ball, location: 3F
1-2: Foul Ball, location: 2F
1-2: Ball
2-2: Foul Ball, location: 23F
2-2: Fly out, F8 (Flyball, 8LD, EV 86.3 MPH)
Batting: RHB Ron Rowland 0-0: Foul Ball, location: 3F
0-1: Ball
1-1: Swinging Strike
1-2: Strikes out looking
Bottom of the 7th over - 0 runs, 0 hits, 0 errors, 0 left on base; Boston 1 - Seattle 3
TOP OF THE 8TH
Boston Red Sox batting - Pitching for Seattle Mariners : RHP Luis Román
Pitching: RHP Jonathan Matthews
Batting: LHB Abel Scott 0-0: Ball
1-0: Swinging Strike
1-1: Swinging Strike
1-2: Strikes out swinging
Batting: RHB António Negrón 0-0: Ball
1-0: Called Strike
1-1: Foul Ball, location: 23F
1-2: Ball
2-2: Foul Ball, location: 2F
2-2: Foul Ball, location: 2F
2-2: Foul Ball, location: 23FF
2-2: Ground out 6-3 (Groundball, 6, EV 109.4 MPH)
Batting: LHB Derek Orby 0-0: Ball
1-0: Called Strike
1-1: Swinging Strike
1-2: Ball
2-2: Strikes out swinging
Top of the 8th over - 0 runs, 0 hits, 0 errors, 0 left on base; Boston 1 - Seattle 3
BOTTOM OF THE 8TH
Seattle Mariners batting - Pitching for Boston Red Sox : RHP Jimmy Sharp
Pitching: RHP Manny Yan
Batting: RHB José Castillo 0-0: Ball
1-0: Ball
2-0: Ball
3-0: Called Strike
3-1: Foul Ball, location: 2F
3-2: Ground out 4-3 (Groundball, 34, EV 85.0 MPH)
Batting: RHB Ethan Montoya 0-0: Called Strike
0-1: Ball
1-1: Ball
2-1: Ball
3-1: Swinging Strike
3-2: Foul Ball, location: 3FF
3-2: Strikes out swinging
Batting: SHB Jesús Cortéz 0-0: DOUBLE (Flyball, 8LXD, EV 108.8 MPH)
Batting: RHB Whit Parkinson 0-0: Ball
1-0: Foul Ball, location: 5DF
1-1: Called Strike
1-2: Foul Ball, location: 5SF
1-2: Ball
2-2: Strikes out swinging
Bottom of the 8th over - 0 runs, 1 hit, 0 errors, 1 left on base; Boston 1 - Seattle 3
TOP OF THE 9TH
Boston Red Sox batting - Pitching for Seattle Mariners : RHP Jonathan Matthews
Pitching: RHP Jarred Haig
Batting: RHB Juan Ávila 0-0: Ball
1-0: Ball
2-0: Called Strike
2-1: Foul Ball, location: 25FF
2-2: Ball
3-2: Foul Ball, location: 3SF
3-2: SINGLE (Groundball, 34D, EV 104.4 MPH)
Batting: LHB Erwin Broomhead 0-0: Called Strike
0-1: Foul Ball, location: 9LMF
0-2: Fly out, F8 (Flyball, 8LS, EV 100.0 MPH)
Batting: RHB Juan Serrato 0-0: Fly out, F3 (Popup, 34S, EV 69.4 MPH)
Pinch Hitting: SHB Víctor Martínez 0-0: Ground out 4-3 (Groundball, 4, EV 84.4 MPH)
Top of the 9th over - 0 runs, 1 hit, 0 errors, 1 left on base; Boston 1 - Seattle 3
Friday, May 3rd , 2024 - OOTP Baseball 24.10 Build 82